 Dungeon Crawl Stone Soup version 0.18-a0-1628-g61c6396 (webtiles) character file.

120 Oddball22 the Insei (level 4, 0/37 HPs)
             Began as a Demonspawn Monk on Mar 25, 2016.
             Succumbed to an adder's poison
             ... on level 3 of the Dungeon.
             The game lasted 00:06:19 (2449 turns).

Oddball22 the Insei (Demonspawn Monk)               Turns: 2449, Time: 00:06:20

Health: 0/37       AC:  3    Str: 11    XL:     4   Next: 75%
Magic:  4/4        EV: 19    Int: 20    God:
Gold:   113        SH:  0    Dex: 21    Spells: 0 memorised, 3 levels left

rFire  + . .     SeeInvis .       - Unarmed
rCold  + + .     Gourm    .     a - +0 robe
rNeg   . . .     Faith    .     (no shield)
rPois  +         Spirit   .     (no helmet)
rElec  +         Dismiss  .     (no cloak)
rCorr  +         Reflect  .     (no gloves)
SustAt .         Harm     .     (no boots)
MR     .....                    (no amulet)
Stlth  +++.......               m - ring of protection from cold
                                p - +3 ring of intelligence

@: brilliant, agile, lethally poisoned (0 -> -5), resistant, not resistant to
hostile enchantments, fairly stealthy
A: claws 1, molten scales 1
a: no special abilities


You were on level 3 of the Dungeon.
You were not hungry.

You visited 1 branch of the dungeon, and saw 3 of its levels.

You collected 113 gold pieces.

Inventory:

Missiles
 d - 6 javelins (quivered)
 o - 8 poisoned javelins
Armour
 a - a +0 robe (worn)
Jewellery
 l - an uncursed ring of fire
 m - a ring of protection from cold (right claw)
 p - a +3 ring of intelligence (left claw)
Scrolls
 e - 2 scrolls of enchant weapon {unknown}
 g - 4 scrolls of teleportation
 j - a scroll of remove curse
 k - 3 scrolls of identify
 q - a scroll of recharging {unknown}
Comestibles
 b - 2 bread rations
 h - 8 chunks of flesh
 i - 4 meat rations


   Skills:
 + Level 4.0 Fighting
 + Level 3.4 Dodging
 - Level 1.7 Stealth
 * Level 4.4 Unarmed Combat


You had 3 spell levels left.
You didn't know any spells.

Dungeon Overview and Level Annotations

Branches:
Dungeon (3/15)

Altars:
Kikubaaqudgha


Innate Abilities, Weirdness & Mutations

You have sharp fingernails.
You are partially covered in molten scales (AC +1).


Message History

It was a potion of agility.
You feel agile all of a sudden.
* * * LOW HITPOINT WARNING * * *
You feel sick.
Drink which item? (? for menu, Esc to quit)
It was a potion of resistance.
You feel protected.
* * * LOW HITPOINT WARNING * * *
You feel sick.
Drink which item? (? for menu, Esc to quit)
It was a potion of brilliance.
You feel clever all of a sudden.
There is a lethal amount of poison in your body!
* * * LOW HITPOINT WARNING * * *
You feel sick.
* * * LOW HITPOINT WARNING * * *
You feel sick.
* * * LOW HITPOINT WARNING * * *
You feel sick.
You die...

#.. #.# #.# #.# #.#
#.###### ###.####......##
## ........@####..## #.
.##.####.####.#.########.
#.#...###.##......
#.#.##.#)###.####. .#.#
#.#.#.....##.# #. ._..#
#..>..###.##.# ## #.#.#
#.#.#.# #...รท# #...#
#(#...###.#####
#####...#####
#.###.........#


There were no monsters in sight!

Vanquished Creatures
  6 adders
  2 worms (D:2)
  A giant gecko (D:3)
  2 ball pythons
  6 bats
  A giant cockroach (D:2)
  6 goblins
  8 hobgoblins
  8 jackals (D:3)
  A giant newt (D:1)
  8 kobolds
  10 rats
59 creatures vanquished.

Notes
Turn   | Place    | Note
--------------------------------------------------------------
     0 | D:1      | Oddball22 the Demonspawn Monk began the quest for the Orb.
     0 | D:1      | Reached XP level 1. HP: 18/18 MP: 1/1
   164 | D:1      | Gained mutation: You have sharp fingernails. [demonic ancestry]
   164 | D:1      | Reached XP level 2. HP: 22/24 MP: 2/2
   874 | D:2      | Reached XP level 3. HP: 25/29 MP: 3/3
  1920 | D:2      | Gained mutation: You are partially covered in molten scales (AC +1). [demonic ancestry]
  1920 | D:2      | Reached XP level 4. HP: 37/37 MP: 4/4
  1983 | D:3      | Found an ancient bone altar of Kikubaaqudgha.
  2445 | D:3      | HP: 1/37 [poisoned by an adder]
  2449 | D:3      | Succumbed to an adder's poison

Vault maps used:
D:1:      dpeg_arrival_sounds_slurp, wad_floor_pattern_untrapped, minivault_25
D:2:      grunt_ministairs_1, minivault_19, minivault_14
D:3:      nicolae_overflow_crystal_walls, lemuel_crystal_altar, uniq_natasha

Skill      XL: |  1  2  3  4 |
---------------+-------------+-----
Dodging        | 3 |  3.4
Unarmed Combat | 4 |  4.4
Fighting       | 4 |  4.0
Stealth        | |  1.7

Action                   |  1- 3 |  4- 6 || total
-------------------------+-------+-------++-------
Melee: Unarmed           |   100 |    81 ||   181
  Use: Scroll            |     5 |       ||     5
       Potion            |       |     3 ||     3
 Stab: Sleeping          |     6 |     1 ||     7
  Eat: Chunk             |     3 |     2 ||     5
